 Dungeon Crawl Stone Soup version 0.25.1-8-g42b30a86e7 (webtiles) character file.

Game seed: 12723935521689294745

1102 Azimut41r the Vexing (level 8, 0/60 HPs)
             Began as a Gnoll Arcane Marksman on Dec 13, 2020.
             Slain by an orc wizard
             ... wielding a +0 whip
              (1 damage)
             ... on level 8 of the Dungeon on Dec 14, 2020.
             The game lasted 00:23:58 (4433 turns).

Azimut41r the Vexing (Gnoll Arcane Marksman)        Turns: 4433, Time: 00:23:58

Health: 0/60       AC: 12    Str: 15      XL:     8   Next: 32%
Magic:  14/14      EV:  6    Int: 16      God:
Gold:   158        SH:  0    Dex: 13 (15) Spells: 12/15 levels left

rFire    . . .     SeeInvis .   a - +0 hand crossbow
rCold    . . .     Gourm    .   (no shield)
rNeg     . . .     Faith    .   J - +0 plate armour
rPois    .         Spirit   .   (no helmet)
rElec    .         Reflect  .   (no cloak)
rCorr    .         Harm     .   I - +0 pair of gloves
MR       .....                  (no boots)
Stlth    ..........             (no amulet)
HPRegen  0.20/turn              (no ring)
MPRegen  0.14/turn              (no ring)

@: no status effects
A: distributed training, fangs 1, strong nose
a: no special abilities


You were on level 8 of the Dungeon.
You were not hungry.

You visited 1 branch of the dungeon, and saw 6 of its levels.

You collected 158 gold pieces.

Inventory:

Hand Weapons
 a - a +0 hand crossbow (weapon)
 o - a +1 short sword of venom
 A - a +0 short sword of flaming
Missiles
 d - 46 bolts (quivered)
 g - 14 poisoned darts
 q - a throwing net
 v - 109 arrows
Armour
 e - a +0 robe
 I - a +0 pair of gloves (worn)
 J - a +0 plate armour (worn)
Jewellery
 m - an uncursed ring of protection from cold
 r - an uncursed ring of protection from cold
 w - an uncursed ring of magical power {unknown}
 y - an uncursed ring of protection from fire {unknown}
Wands
 u - a wand of random effects (18)
 E - a wand of disintegration (10)
 F - a wand of paralysis (7)
 G - a wand of polymorph (10)
Scrolls
 b - a scroll of enchant weapon {unknown}
 c - 2 scrolls of teleportation {unknown}
 j - 3 scrolls of remove curse {unknown}
 k - 4 scrolls of identify
 s - a scroll of amnesia {unknown}
 x - 3 scrolls of enchant armour {unknown}
 C - a scroll of magic mapping {unknown}
 D - a scroll of fog {unknown}
 H - a scroll of blinking {unknown}
Potions
 h - 2 potions of resistance {unknown}
 i - 2 potions of cancellation {unknown}
 l - 2 potions of haste {unknown}
 n - 3 potions of flight {unknown}
 p - a potion of curing {unknown}
 t - 2 potions of degeneration {unknown}
 z - a potion of might {unknown}
 B - a potion of ambrosia {unknown}
Comestibles
 f - 12 rations


   Skills:
 + Level 4.1 Fighting
 + Level 3.1 Short Blades
 + Level 3.1 Long Blades
 + Level 3.1 Axes
 + Level 3.1 Maces & Flails
 + Level 3.1 Polearms
 + Level 3.1 Staves
 + Level 3.1 Slings
 + Level 3.1 Bows
 + Level 5.6 Crossbows
 + Level 3.1 Throwing
 + Level 3.1 Armour
 + Level 5.6 Dodging
 + Level 3.1 Stealth
 + Level 3.1 Shields
 + Level 3.1 Unarmed Combat
 + Level 4.2 Spellcasting
 + Level 2.5 Conjurations
 + Level 6.0 Hexes
 + Level 2.5 Charms
 + Level 2.5 Summonings
 + Level 2.5 Necromancy
 + Level 2.5 Translocations
 + Level 2.5 Transmutations
 + Level 2.5 Fire Magic
 + Level 2.5 Ice Magic
 + Level 2.5 Air Magic
 + Level 2.5 Earth Magic
 + Level 2.5 Poison Magic
 + Level 3.4 Invocations
 + Level 3.1 Evocations


You had 12 spell levels left.
You knew the following spells:

 Your Spells              Type           Power        Failure   Level  Hunger
a - Corona                Hex            ###....      71%         1    None
b - Slow                  Hex            ###.....     85%         2    ##.....

Your spell library contained the following spells:

 Spells                   Type           Power        Failure   Level  Hunger
 Confusing Touch          Hex            ###.....     97%         3    ###....
 Foxfire                  Conj/Fire      ##..         99%         1    None
 Conjure Flame            Conj/Fire      ##......     100%        3    ###....
 Gell's Gravitas          Tloc           ##........   100%        3    ###....
 Inner Flame              Hex/Fire       ###.....     100%        3    ###....
 Portal Projectile        Hex/Tloc       ###...       100%        3    ###....
 Cause Fear               Hex            ###.......   100%        4    ####...
 Leda's Liquefaction      Hex/Erth       ###.......   100%        4    ####...
 Petrify                  Tmut/Erth      ##......     100%        4    ####...
 Sticky Flame             Conj/Fire      ##......     100%        4    ####...
 Fireball                 Conj/Fire      ##........   100%        5    ######.
 Metabolic Englaciation   Hex/Ice        ###.......   100%        5    ######.
 Yara's Violent Unravell  Hex/Tmut       ###.......   100%        5    ######.


Dungeon Overview and Level Annotations

Branches:
Dungeon (8/15)
 Temple: D:4-7         Lair: D:8-11

Altars:
Dithmenos
Fedhas
Makhleb
Nemelex Xobeh
The Shining One

Annotations:
D:2 2 transporters


Innate Abilities, Weirdness & Mutations

Your experience applies equally to all skills.
You have very sharp teeth.
Your uncanny sense of smell can sniff out nearby items.


Message History

* * * LOW HITPOINT WARNING * * *
You feel clumsy.
The orc wizard hits you but does no damage.
The quasit bites you but does no damage.
The quasit claws you but does no damage. x2
The orc wizard closely misses you.
The quasit bites you but does no damage.
The quasit claws you but does no damage.
The quasit closely misses you.
The orc wizard hits you but does no damage.
The orc wizard hits you but does no damage.
The quasit bites you.
* * * LOW HITPOINT WARNING * * *
You feel clumsy.
The quasit claws you but does no damage.
The quasit barely misses you. The orc wizard completely misses you.
The quasit bites you but does no damage.
The quasit claws you but does no damage.
The quasit closely misses you. The orc wizard hits you with a +0 whip.
You die...

.... ∆ ∆..... .....#
....#+####### ...^..
#..........# ......
#..........+ ......
+...5......#
......####....@o....#
#............##......
#.........._..# .....
#.............# ....
+.........#...# ...
#.........#...# ..
#.........#...# .
####.........#...#
...######)...#...###


You could see an orc wizard (fast) and a quasit.

Vanquished Creatures
  Sigmund (D:3)
  An orc warrior (D:8)
  2 sky beasts (D:7)
  An ogre (D:7)
  The ghost of Qrupt the Ruffian, a weakling DrTm (D:3)
  A bullfrog zombie (D:7)
  A hound (D:8)
  5 orc wizards
  Terence (D:3)
  Jessica (D:3)
  2 iguanas (D:7)
  A worker ant (D:7)
  A worker ant zombie (D:3)
  6 adders
  3 gnolls
  A howler monkey skeleton (D:3)
  A shadow imp (D:7)
  An ooze (D:3)
  4 worms
  A dart slug (D:1)
  5 leopard geckos
  6 orcs
  6 bats
  7 giant cockroaches
  7 goblins
  7 hobgoblins
  8 jackals
  8 kobolds
  3 quokkas
  A ball python (D:2)
  5 frilled lizards
  3 jackal skeletons
  A quokka skeleton (D:8)
  A quokka zombie (D:7)
  6 rats
110 creatures vanquished.

Notes
Turn   | Place    | Note
-------+----------+-------------------------------------------
     0 | D:1      | Azimut41r the Gnoll Arcane Marksman began the quest for the
                  | Orb.
     0 | D:1      | Reached XP level 1. HP: 17/17 MP: 4/4
    76 | D:1      | Reached XP level 2. HP: 23/23 MP: 5/5
   152 | D:1      | Learned a level 2 spell: Slow
   711 | D:1      | Reached XP level 3. HP: 25/28 MP: 7/7
   715 | D:1      | Reached skill level 1 in Invocations
   884 | D:2      | Reached skill level 1 in Short Blades
   884 | D:2      | Reached skill level 1 in Long Blades
   884 | D:2      | Reached skill level 1 in Axes
   884 | D:2      | Reached skill level 1 in Maces & Flails
   884 | D:2      | Reached skill level 1 in Polearms
   884 | D:2      | Reached skill level 1 in Staves
   884 | D:2      | Reached skill level 1 in Slings
   884 | D:2      | Reached skill level 1 in Bows
   884 | D:2      | Reached skill level 1 in Throwing
   884 | D:2      | Reached skill level 1 in Armour
   884 | D:2      | Reached skill level 1 in Stealth
   884 | D:2      | Reached skill level 1 in Shields
   884 | D:2      | Reached skill level 1 in Unarmed Combat
   884 | D:2      | Reached skill level 1 in Evocations
   886 | D:2      | Reached XP level 4. HP: 34/34 MP: 8/8
   979 | D:2      | Found a transporter.
  1145 | D:2      | Reached skill level 1 in Conjurations
  1145 | D:2      | Reached skill level 1 in Charms
  1145 | D:2      | Reached skill level 1 in Summonings
  1145 | D:2      | Reached skill level 1 in Necromancy
  1145 | D:2      | Reached skill level 1 in Translocations
  1145 | D:2      | Reached skill level 1 in Transmutations
  1145 | D:2      | Reached skill level 1 in Fire Magic
  1145 | D:2      | Reached skill level 1 in Ice Magic
  1145 | D:2      | Reached skill level 1 in Air Magic
  1145 | D:2      | Reached skill level 1 in Earth Magic
  1145 | D:2      | Reached skill level 1 in Poison Magic
  1226 | D:2      | Found a sparkling altar of Nemelex Xobeh.
  1239 | D:2      | Found a transporter.
  1582 | D:2      | Reached XP level 5. HP: 40/40 MP: 9/9
  1705 | D:3      | Noticed Terence
  1719 | D:3      | Killed Terence
  1952 | D:3      | Noticed Jessica
  1953 | D:3      | Noticed Sigmund
  1954 | D:3      | Killed Jessica
  1971 | D:3      | Killed Sigmund
  1971 | D:3      | Reached skill level 5 in Crossbows
  1971 | D:3      | Reached skill level 5 in Dodging
  1971 | D:3      | Reached XP level 6. HP: 33/47 MP: 9/11
  2679 | D:3      | Found a runed translucent door.
  2684 | D:3      | Noticed Qrupt's ghost (weakling DrTm)
  2695 | D:3      | Killed Qrupt's ghost
  2695 | D:3      | Reached XP level 7. HP: 33/52 MP: 12/12
  2860 | D:4      | You fall into a shaft and drop 3 floors!
  2983 | D:7      | Found a shadowy altar of Dithmenos.
  3071 | D:7      | Found a glowing golden altar of the Shining One.
  3304 | D:7      | Found a blossoming altar of Fedhas.
  3768 | D:7      | Reached XP level 8. HP: 53/60 MP: 14/14
  3780 | D:7      | Reached skill level 6 in Hexes
  4319 | D:8      | Found a burning altar of Makhleb.
  4429 | D:8      | HP: 2/60 [quasit (2)]
  4433 | D:8      | Slain by an orc wizard

Illustrated notes

Levels and vault maps discovered:
D:1:      dpeg_arrival_arbitrary_c, layout_loops_ring
D:2:      layout_basic, gammafunk_temple_overflow_arena,
          minmay_misc_feat_diagonals, kennysheep_generic_room_6
D:3:      layout_basic, ebering_ghost_reflecting_pool, serial_undead,
          serial_undead_e, serial_undead_a, serial_undead_d, serial_undead_d,
          uniq_terence, uniq_sigmund, uniq_jessica
D:4:      layout_rooms, lemuel_crystal_altar, eat_drink_and_be_merry_uskayaw,
          first_ration
D:7:      layout_loops_ring, lemuel_round_altar, nicolae_overflow_hidden_temple,
          basic_altar
D:8:      cheibrodos_shockbox, layout_gridville, kennysheep_little_box,
          bloody_makhleb, serial_shops, shop, uniq_prince_ribbit1

Skill      XL: |  1  2  3  4  5  6  7  8 |
---------------+-------------------------+-----
Invocations    | 1 2 3 |  3.4
Short Blades   | 1 2 3 |  3.1
Long Blades    | 1 2 3 |  3.1
Axes           | 1 2 3 |  3.1
Maces & Flails | 1 2 3 |  3.1
Polearms       | 1 2 3 |  3.1
Staves         | 1 2 3 |  3.1
Slings         | 1 2 3 |  3.1
Bows           | 1 2 3 |  3.1
Throwing       | 1 2 3 |  3.1
Armour         | 1 2 3 |  3.1
Stealth        | 1 2 3 |  3.1
Shields        | 1 2 3 |  3.1
Unarmed Combat | 1 2 3 |  3.1
Evocations     | 1 2 3 |  3.1
Spellcasting   | 3 4 |  4.2
Conjurations   | 1 2 |  2.5
Charms         | 1 2 |  2.5
Summonings     | 1 2 |  2.5
Necromancy     | 1 2 |  2.5
Translocations | 1 2 |  2.5
Transmutations | 1 2 |  2.5
Fire Magic     | 1 2 |  2.5
Ice Magic      | 1 2 |  2.5
Air Magic      | 1 2 |  2.5
Earth Magic    | 1 2 |  2.5
Poison Magic   | 1 2 |  2.5
Fighting       | 3 4 |  4.1
Crossbows      | 5 |  5.6
Dodging        | 5 |  5.6
Hexes          | 6 |  6.0

Action                   |  1- 3 |  4- 6 |  7- 9 || total
-------------------------+-------+-------+-------++-------
Melee: Short sword       |       |     4 |       ||     4
       Bite              |       |     1 |     1 ||     2
       Hand crossbow     |       |       |     1 ||     1
 Fire: Hand crossbow     |    53 |   155 |   101 ||   309
Throw: Dart              |       |     6 |       ||     6
 Cast: Slow              |     1 |     2 |     1 ||     4
       Corona            |     1 |       |       ||     1
Evoke: Wand              |       |     5 |     2 ||     7
  Use: Scroll            |       |       |     2 ||     2
  Eat: Chunk             |       |     5 |     6 ||    11
Armor: Robe              |     4 |     8 |     5 ||    17
       Plate armour      |       |       |    65 ||    65
Dodge: Dodged            |    17 |    42 |    48 ||   107
